 Dungeon Crawl Stone Soup version 0.31-a0-210-gccc998df9b (webtiles) character file.

Game seed: 13165664595336643150

18 gelatine the Trooper (level 2, -1/24 HPs)
             Began as a Demonspawn Fighter on June 30, 2023.
             Succumbed to a goblin's poison
             ... on level 1 of the Dungeon.
             The game lasted 00:01:22 (365 turns).

gelatine the Trooper (Demonspawn Fighter)            Turns: 365, Time: 00:01:22

Health: -1/24      AC:  6    Str: 16    XL:     2   Next: 51%
Magic:  2/2        EV:  9    Int:  9    God:
Gold:   35         SH:  4    Dex: 12    Spells: 1/1 levels left

rFire   . . .        a - +0 war axe
rCold   . . .        c - +0 buckler
rNeg    . . .        b - +0 scale mail
rPois   .            (no helmet)
rElec   .            (no cloak)
rCorr   .            (no gloves)
SInv    .            (no boots)
Will    .....        (no amulet) Stlth
                     (no ring)
HPRegen 0.24/turn    (no ring)
MPRegen 0.16/turn

%: no passive effects
@: lethally poisoned (-1 -> -33)
A: magic regeneration
a: no special abilities


You were on level 1 of the Dungeon.
You visited 1 branch of the dungeon, and saw 1 of its levels.

You collected 35 gold pieces.

Inventory:

Hand Weapons
 a - a +0 war axe (weapon)
Armour
 b - a +0 scale mail (worn)
 c - a +0 buckler (worn)
Scrolls
 e - a scroll of noise {unknown}
 h - a scroll of revelation {unknown}
 i - 2 scrolls of blinking {unknown}
Potions
 d - a potion of might
 f - 2 potions of enlightenment {unknown}
 g - a potion of lignification {unknown}


   Skills:
 * Level 3.1 Fighting
 * Level 2.1 Axes
 * Level 2.9 Armour
 * Level 0.3 Dodging
 * Level 2.9 Shields


You had one spell level left.
You didn't know any spells.
Your spell library was empty.

Dungeon Overview and Level Annotations

Branches:
Dungeon (1/15)

Altars:

Annotations:
D:1 1 transporter


Innate Abilities, Weirdness & Mutations

You regenerate magic rapidly.


Message History

You kill the endoplasm!
No target in view!
h - a scroll labelled OBLOIH GOEHITHOBO You now have 35 gold pieces (gained 1).
Your movement speed is average.
Your attack delay is about 1.4.
Your damage rating with your +0 war axe is about 13 (Base 11 x 115% (Str) x 109% (Skill)).
Found a stone staircase leading down.
i - a scroll labelled HOUTTEITZO
i - 2 scrolls labelled HOUTTEITZO (gained 1)
An endoplasm comes into view.
The endoplasm quivers.
You slash the endoplasm!
You kill the endoplasm!
No target in view!
A goblin comes into view. It is wielding a +2 dagger of venom.
The goblin shouts!
Found a scroll labelled YBAMEU KUREZOJ.
The goblin hits you but does no damage.
You miss the goblin.
The goblin hits you with a +2 dagger of venom.
You are poisoned.
The goblin hits you but does no damage.
You are more poisoned.
You barely miss the goblin.
You feel very sick. The goblin barely misses you.
You hit the goblin but do no damage.
You feel very sick.
The goblin hits you with a +2 dagger of venom.
You are lethally poisoned!
The goblin hits you with a +2 dagger of venom.
You are more poisoned.
You are too injured to fight recklessly!
You are too injured to fight recklessly!
You are too injured to fight recklessly!
You are too injured to fight recklessly!
You are too injured to fight recklessly!
You are too injured to fight recklessly!
You slash the goblin!
You kill the goblin!
You die...

....##..............
..?.....##...........###
........#...............
..................###(..
........######..####..##
....... .....# #.##
....# .....# #.
#####.)###.###.. #.
#.....@....###.##...
#.........##.....#..#
#....................
#.........##.........
#.........##.......####
########..##...........
###.###>..........
#.................
#...###...........


There were no monsters in sight!

Vanquished Creatures
  5 endoplasms (D:1)
  3 goblins (D:1)
  A hobgoblin (D:1)
  A ball python (D:1)
  2 bats (D:1)
  3 kobolds (D:1)
  3 rats (D:1)
18 creatures vanquished.

Notes
Turn   | Place    | Note
-------+----------+-------------------------------------------
     0 | D:1      | gelatine the Demonspawn Fighter began the quest for the
                  | Orb.
     0 | D:1      | Reached XP level 1. HP: 18/18 MP: 1/1
   113 | D:1      | Gained mutation: You regenerate magic rapidly. [demonic
                  | ancestry]
   113 | D:1      | Reached XP level 2. HP: 10/24 MP: 2/2
   365 | D:1      | Succumbed to a goblin's poison

Illustrated notes

Levels and vault maps discovered:
D:1:      spicycebolla_arrival_risky_transporter, layout_rooms,
          dilly_ecumenical_altar_fadedgnrine

Skill      XL: |  1 |
---------------+----+-----
Axes           | 2 |  2.1
Fighting       | |  3.1
Armour         | |  2.9
Dodging        | |  0.3
Shields        | |  2.9

Action                     || total
---------------------------++-------
  Melee: War axe           ||    52
 Armour: Scale mail        ||    33
  Dodge: Dodged            ||    21
  Block: Buckler           ||    11

Table legend: (Time is in decaauts)
 A = Elapsed time spent in this place.
 B = Non-inter-level travel time spent in this place.
 C = Inter-level travel time spent in this place.
 D = Time resting spent in this place.
 E = Time spent auto-exploring this place.
 F = Levels seen in this place.
 G = Mean time per level.
                   A        B        C        D        E       F      G
               +--------+--------+--------+--------+--------+-----+--------+
         Total |    388 |    388 |      0 |      0 |    265 |   1 |  388.0 |
       Dungeon |    388 |    388 |      0 |      0 |    265 |   1 |  388.0 |
               +--------+--------+--------+--------+--------+-----+--------+

Top non-repeatable levels by time:
     D:1: 388 daAuts
